Map: Blueshift LE

Players

SpeCial - Winner!

  • Race: Terran Terran
  • Spawn Location: 7:00

Classic

  • Race: Protoss Protoss
  • Spawn Location: 1:00

Event: 2018 WCS Global Finals

VOD

Have the link to the VOD?

Description

Time

  • Played on: Oct. 28, 2018, 6:46 p.m.
  • Length: 15:37

All games in this series

Show
View Real Time Build Order
Export as new Build Order

SpeCial Terran - Winner!

Build Orders: Cyclone Opening 

Get SALT Encoding   

  12  0:00  SCV  
  13  0:13  SCV  
  14  0:17  Supply Depot  
  14  0:25  SCV  
  15  0:38  SCV  
  15  0:40  Barracks  
  16  0:44  Refinery  
  16  0:50  SCV  
  16  0:54  Refinery  
  17  1:03  SCV  
  18  1:15  SCV  
  19  1:27  Reaper  
  19  1:28  Orbital Command  
  20  1:43  Factory  
  20  1:44  Supply Depot  
  20  1:51  Bunker  
  20  1:53  SCV  
  21  2:05  SCV  
  22  2:18  SCV  
  23  2:27  Widow Mine  
  25  2:31  Barracks Reactor  
  25  2:32  Command Center  
  25  2:35  SCV  
  26  2:45  Starport  
  26  2:51  SCV  
  27  2:54  Cyclone  
  30  3:03  Supply Depot  
  30  3:04  SCV  
  31  3:23  Starport Tech Lab  
  31  3:25  Marine, SCV  
  33  3:32  Widow Mine, Cyclone  
  38  3:38  SCV  
  39  3:42  Cloaking Field  
  39  3:50  Orbital Command  
  39  3:51  SCV  
  39  3:55  Banshee  
  43  3:58  Marine  
  43  4:03  SCV  
  43  4:04  Supply Depot  
  43  4:06  Widow Mine x2  
  48  4:11  Orbital Command  
  48  4:15  SCV  
  49  4:27  SCV  
  50  4:37  Factory Tech Lab, SCV  
  50  4:38  Marine x2  
  52  4:40  Banshee, SCV  
  57  4:49  SCV  
  57  4:51  Supply Depot  
  57  4:52  SCV  
  56  4:56  Marine x2, Siege Tank  
  60  5:01  SCV  
  60  5:04  SCV  
  62  5:09  Command Center  
  62  5:13  Marine, SCV  
  62  5:14  Marine  
  64  5:16  SCV  
  64  5:19  Supply Depot  
  66  5:25  SCV  
  66  5:28  Siege Tank  
  70  5:36  SCV  
  70  5:37  Starport Reactor  
  70  5:39  SCV  
  70  5:40  Marine x2  
  72  5:48  SCV  
  73  5:51  SCV  
  73  5:52  Barracks  
  73  5:53  Barracks  
  73  5:56  Supply Depot  
  74  5:58  Marine  
  74  6:00  SCV  
  74  6:04  SCV  
  77  6:05  Marine  
  78  6:16  Marine, SCV x2  
  78  6:18  Engineering Bay  
  78  6:22  SCV  
  78  6:23  Marine  
  78  6:25  Refinery x2  
  77  6:28  SCV x2  
  66  6:34  Marine  
  60  6:40  SCV x2, Bunker  
  60  6:41  Marine  
  60  6:44  Orbital Command, Engineering Bay  
  62  6:47  Marine  
  62  6:48  Stimpack  
  62  6:51  Marine  
  62  6:53  Missile Turret  
  64  6:54  Terran Infantry Weapons Level 1  
  64  6:57  Supply Depot  
  64  6:59  Marine  
  64  7:00  SCV x2  
  67  7:01  Missile Turret  
  67  7:05  Marine  
  67  7:06  Marine  
  69  7:09  Marine, Medivac x2  
  69  7:15  Terran Infantry Armor Level 1, Factory Reactor  
  74  7:18  Barracks  
  74  7:20  Barracks  
  74  7:23  Marine  
  74  7:24  Marauder  
  74  7:27  Marauder, Marine  
  74  7:29  SCV  
  81  7:34  Combat Shield  
  81  7:36  SCV  
  82  7:38  Missile Turret, Orbital Command  
  82  7:41  Marine  
  83  7:45  Marine, Medivac x2  
  83  7:46  Marauder  
  83  7:48  Marauder, SCV x2  
  83  7:50  Missile Turret  
  94  7:57  Widow Mine  
  94  7:58  Widow Mine  
  97  7:59  Marine  
  97  8:00  SCV  
  97  8:01  SCV  
  97  8:03  Marine  
  101  8:06  SCV  
  101  8:12  SCV  
  102  8:13  SCV  
  102  8:17  Barracks Reactor, Marauder x2, Marine, Barracks Tech Lab  
  108  8:20  Supply Depot  
  108  8:21  Marine  
  109  8:28  Refinery  
  109  8:29  Refinery  
  109  8:34  Widow Mine  
  109  8:36  Armory  
  109  8:41  Marine x2, Supply Depot  
  109  8:42  Widow Mine, Medivac x2  
  109  8:43  Marine x2, Supply Depot, SCV x2  
  109  8:45  Supply Depot  
  121  8:49  Concussive Shells  
  121  8:51  Marauder  
  121  8:54  Liberator  
  121  8:55  SCV  
  124  8:56  Liberator, SCV  
  124  9:01  Marine  
  124  9:02  Marine  
  130  9:03  Marauder, Widow Mine  
  130  9:07  Supply Depot  
  135  9:17  Command Center  
  135  9:24  Terran Infantry Weapons Level 2  
  135  9:26  Marine x5  
  135  9:27  Marine  
  135  9:28  Marine  
  142  9:32  Missile Turret  
  142  9:33  Terran Infantry Armor Level 2  
  142  9:37  Widow Mine  
  141  9:40  Widow Mine  
  136  9:46  Liberator x2  
  136  9:49  Marine x2  
  136  9:50  Marauder x2  
  142  9:54  Marine x2  
  144  10:01  Ghost Academy  
  150  10:07  Marine x2  
  150  10:09  Marine  
  150  10:11  Marauder x2  
  157  10:18  Marine x2, Supply Depot  
  159  10:23  Terran Ship Weapons Level 1  
  159  10:25  Marine  
  158  10:33  Marine  
  158  10:34  Ghost x2  
  162  10:35  Supply Depot  
  162  10:36  Ghost, Marine x2  
  162  10:39  Liberator  
  162  10:40  Widow Mine x2  
  170  10:42  Marine  
  171  10:51  Marine  
  171  10:52  Liberator, SCV x3  
  171  10:54  Marine x2  
  180  11:00  Marine  
  180  11:03  Widow Mine x2  
  186  11:21  Planetary Fortress  
  186  11:25  Marauder, Marine  
  189  11:26  Marauder  
  189  11:27  Marine, Barracks x2  
  189  11:28  Barracks  
  189  11:31  Liberator  
  191  11:35  Marauder, Marine  
  189  11:43  Marine  
  189  11:44  Widow Mine x2  
  190  11:47  Marauder  
  193  11:56  Ghost  
  193  11:57  Marine  
  196  12:04  Ghost, Marine  
  196  12:05  Marine  
  191  12:09  Ghost  
  191  12:10  Marine  
  191  12:13  Liberator  
  194  12:16  Marine  
  195  12:29  Marauder, Widow Mine x2  
  189  12:38  Marauder, Marine  
  189  12:39  Marauder, Marine  
  189  12:41  Marine  
  184  12:48  Marine  
  184  12:49  Marine  
  184  12:50  Widow Mine  
  184  12:51  Marauder  
  162  12:53  Marine x2  
  162  12:56  Marine x2  
  145  12:59  Marine  
  145  13:00  Marauder x2, Liberator  
  147  13:06  Widow Mine, Marine x2  
  147  13:11  Marine x2  
  147  13:12  Marauder  
  146  13:13  Marine  
  146  13:14  Marine  
  146  13:16  Marine  
  149  13:21  Marauder  
  149  13:22  Marauder  
  149  13:24  Marine  
  149  13:26  Marine  
  155  13:31  Marine  
  155  13:34  Marauder  
  149  13:36  Marine x2  
  149  13:38  Widow Mine  
  149  13:39  Orbital Command  
  149  13:42  Marauder  
  149  13:43  Marauder  
  149  13:44  Marine x2  
  149  13:46  Marine  
  154  13:50  Marine  
  154  13:52  Marine  
  154  13:55  Marauder, Medivac  
  149  13:56  Marine  
  149  14:00  Medivac  
  148  14:04  Marauder  
  148  14:05  Marauder, Marine x2  
  148  14:07  Marine  
  148  14:09  Widow Mine x2  
  159  14:11  Marine x2  
  159  14:15  Marine  
  159  14:16  Marauder, Marine  
  163  14:23  Marine  
  157  14:24  Medivac  
  157  14:25  Marauder  
  157  14:26  Marauder, Marine  
  157  14:29  Marine x2  
  157  14:30  Marine, Medivac  
  161  14:33  Marine  
  161  14:35  Marine  
  161  14:37  Widow Mine x2  
  161  14:38  Marauder  
  165  14:40  Marine  
  165  14:43  Marine  
  167  14:46  Marauder  
  167  14:47  Marauder, Marine x3  
  174  14:55  Marine  
  174  14:56  Marine  
  174  14:58  Widow Mine x2, Marine  
  174  14:59  Marauder  
  180  15:01  Marine  
  180  15:07  Marine  
  184  15:08  Marauder  
  184  15:09  Marauder  
  184  15:13  Marine  
  178  15:16  Marine x2  
Show
View Real Time Build Order
Export as new Build Order

Classic Protoss 

Build Orders: Oracle Opening, Phoenix Opening 

Get SALT Encoding   

  12  0:00  Probe  
  13  0:12  Probe  
  14  0:17  Pylon  
  14  0:24  Probe  
  15  0:32  Probe  
  15  0:38  Gateway  
  15  0:40  Probe  
  16  0:47  Assimilator  
  17  0:50  Probe  
  18  1:00  Probe  
  19  1:08  Assimilator  
  19  1:09  Probe  
  19  1:11  Pylon  
  19  1:17  Probe  
  20  1:25  Cybernetics Core  
  21  1:29  Probe  
  24  1:41  Probe  
  25  1:53  Probe, Adept  
  24  2:02  Stargate  
  24  2:06  Warp Gate  
  26  2:09  Pylon  
  26  2:18  Stalker  
  28  2:34  Probe  
  29  2:41  Oracle  
  29  2:46  Probe  
  29  2:50  Pylon  
  35  3:06  Nexus  
  34  3:13  Oracle  
  34  3:15  Probe  
  36  3:27  Probe  
  36  3:31  Robotics Facility  
  37  3:34  Gateway  
  37  3:39  Probe  
  38  3:51  Probe, Pylon  
  39  3:59  Phoenix  
  41  4:03  Probe  
  42  4:15  Probe, Immortal  
  42  4:16  Probe  
  43  4:18  Shield Battery  
  44  4:25  Probe  
  44  4:30  Probe  
  50  4:33  Probe  
  51  4:41  Stalker  
  51  4:42  Probe  
  51  4:44  Stalker  
  56  4:46  Probe  
  57  4:54  Probe  
  57  4:58  Probe  
  57  4:59  Pylon  
  57  5:00  Observer  
  57  5:03  Twilight Council  
  57  5:06  Probe  
  58  5:08  Forge  
  58  5:10  Probe  
  58  5:13  Assimilator  
  59  5:14  Assimilator  
  59  5:18  Probe  
  59  5:21  Sentry  
  62  5:22  Probe  
  63  5:30  Probe  
  63  5:34  Probe  
  65  5:35  Observer  
  65  5:47  Stalker  
  65  5:48  Shield Battery  
  66  5:54  Stalker  
  64  6:07  Probe x2  
  64  6:10  Stalker  
  68  6:15  Stalker  
  68  6:25  Stalker  
  67  6:32  Probe x2  
  62  6:33  Immortal  
  62  6:38  Protoss Ground Armor Level 1  
  62  6:41  Nexus  
  62  6:44  Probe x2  
  62  6:45  Pylon  
  64  6:53  Charge  
  64  6:56  Probe x2  
  66  7:04  Gateway  
  66  7:05  Gateway  
  66  7:08  Probe x2  
  68  7:13  Gateway  
  68  7:14  Gateway  
  68  7:17  Gateway  
  68  7:20  Observer, Gateway  
  68  7:22  Sentry  
  71  7:25  Pylon  
  71  7:30  Probe x2  
  71  7:34  Sentry  
  75  7:37  Immortal  
  75  7:42  Probe x2  
  81  7:54  Probe x2  
  81  7:55  Probe  
  84  8:04  Sentry x2, Zealot x2  
  92  8:06  Probe x2  
  92  8:07  Probe  
  92  8:08  Pylon  
  95  8:18  Protoss Ground Armor Level 2, Probe x2  
  95  8:19  Probe  
  98  8:21  Pylon x2  
  98  8:24  Assimilator  
  98  8:25  Observer  
  98  8:26  Assimilator  
  98  8:29  Pylon, Stalker x2  
  98  8:30  Probe x2  
  98  8:31  Probe  
  105  8:35  Stalker x2  
  109  8:41  Pylon  
  109  8:47  Observer  
  110  8:58  Pylon  
  110  9:03  Blink  
  110  9:04  Zealot x6  
  110  9:07  Photon Cannon  
  110  9:08  Zealot x2  
  126  9:14  Templar Archives  
  126  9:26  Zealot x5  
  126  9:29  Pylon  
  136  9:32  Warp Prism  
  136  9:35  Psionic Storm  
  136  9:38  Zealot x2  
  140  9:39  Observer  
  136  9:55  Forge  
  136  9:59  Warp Prism  
  136  10:03  Nexus  
  136  10:04  High Templar x4, Pylon  
  146  10:15  Protoss Ground Armor Level 3  
  146  10:19  Protoss Ground Weapons Level 1  
  146  10:30  High Templar  
  146  10:31  High Templar  
  146  10:33  Zealot x2  
  154  10:36  Observer, Probe  
  154  10:37  Probe x2  
  154  10:40  Pylon  
  157  11:01  Probe x3  
  157  11:04  Observer, Pylon  
  159  11:06  Gateway, Stalker x6  
  159  11:08  Gateway, Stalker  
  163  11:16  Stalker  
  163  11:26  Observer  
  163  11:27  Probe x4  
  163  11:28  Assimilator  
  163  11:30  Dark Shrine  
  161  11:45  Stalker x6  
  161  11:46  Zealot x2  
  172  11:58  Robotics Facility  
  166  12:11  Zealot x5  
  166  12:12  Zealot x3  
  182  12:20  Robotics Bay  
  182  12:23  Nexus  
  182  12:24  Pylon  
  182  12:25  Archon  
  180  12:35  Warp Prism  
  166  12:37  Zealot x7  
  166  12:38  Zealot x2  
  166  12:42  Zealot  
  134  12:58  Zealot x9  
  112  13:04  Zealot  
  104  13:19  Zealot x9  
  102  13:26  Zealot  
  104  13:32  Immortal x2  
  90  13:41  Zealot x7  
  86  13:47  Dark Templar  
  91  13:53  Dark Templar  
  79  13:57  Probe  
  79  13:59  Dark Templar  
  75  14:05  Dark Templar, Probe  
  78  14:11  Zealot x3  
  78  14:16  Zealot  
  78  14:17  Zealot  
  82  14:22  High Templar x2  
  75  14:27  Archon  
  65  14:36  High Templar x3  
  65  14:37  High Templar x3  
  67  14:38  Stalker  
  67  14:40  Zealot  
  67  14:41  Archon x2  
  67  14:42  Archon  
  69  14:57  Stalker x2  
  69  15:03  Zealot x2  
  73  15:08  Zealot  
  73  15:09  Zealot x2  
  64  15:15  Zealot  
  50  15:21  Zealot  
  50  15:27  Zealot  
Tags
 
Add a new tag
Caveats
  • Supply blocks, unpowered buildings, or Contaminate may cause inaccurate times.
  • Supply counts are checked every 10 seconds.